 Dungeon Sprint DCSS version 0.27.1-33-g824d729ab1 (webtiles) character file.

Game seed: 16011718280002366649

25 Hipnos the Covert (level 2, -16/15 HPs)
             Began as a Spriggan Brigand on Dec 1, 2021.
             Demolished by an ogre (31 damage)
             ... in the Dungeon (Sprint I: "Red Sonja").
             The game lasted 00:00:52 (129 turns).

Hipnos the Covert (Spriggan Brigand)                 Turns: 129, Time: 00:00:52

Health: -16/15     AC:  3    Str:  7    XL:     2   Next: 82%
Magic:  3/3        EV: 16    Int: 12    God:
Gold:   0          SH:  0    Dex: 16    Spells: 1/1 levels left

rFire    . . .     SeeInvis +   a - +2 dagger
rCold    . . .     Faith    .   (shield restricted)
rNeg     . . .     Spirit   .   b - +0 robe
rPois    .         Reflect  .   (helmet restricted)
rElec    .         Harm     .   c - +0 cloak
rCorr    .         Rampage  .   (gloves unavailable)
Will     .....     NoTele   +   (boots unavailable)
Stlth    ++++......             (no amulet)
HPRegen  0.05/turn              (no ring)
MPRegen  0.08/turn              (no ring)

@: very quick
A: very small, no large weapons, unfitting armour, see invisible, speed 3
a: no special abilities


You were in the Dungeon.
You visited 1 branch

Inventory:

Hand Weapons
 a - a +2 dagger (weapon)
Missiles
 d - 7 poisoned darts
 e - a curare-tipped dart (quivered)
Armour
 b - a +0 robe (worn)
 c - a +0 cloak (worn)
Scrolls
 k - a scroll of blinking
Potions
 f - a potion of curing
 g - a potion of heal wounds
 h - a potion of haste
 i - 2 potions of magic
 j - a potion of berserk rage


   Skills:
 + Level 1.8 Fighting
 + Level 2.5 Short Blades
 * Level 3.0 Throwing
 + Level 1.6 Dodging
 * Level 9.6 Stealth


You had one spell level left.
You didn't know any spells.
Your spell library was empty.

Dungeon Overview and Level Annotations

Branches:
Dungeon (1/1)

Altars:


Innate Abilities, Weirdness & Mutations

You are very small and have problems with some larger weapons.
You are too small for most types of armour.
You have supernaturally acute eyesight. (SInv)
You cover ground extremely quickly. (Speed+++)


Message History

Press: ? - help, Q - select action, (/) - cycle Shift-Dir - straight line, f/p - Ijyb
Aim: Ijyb, wielding a +0 club and wearing a +0 leather armour (lightly wounded, 53% to hit)
You throw a poisoned dart. The poisoned dart barely misses Ijyb.
Ijyb misses you.
Throw: 2 darts (curare)
Press: ? - help, Q - select action, (/) - cycle Shift-Dir - straight line, f/p - Ijyb
Aim: Ijyb, wielding a +0 club and wearing a +0 leather armour (lightly wounded, 53% to hit)
You throw a curare-tipped dart. The curare-tipped dart hits Ijyb.
Ijyb is poisoned.
Ijyb convulses.
Ijyb seems to slow down.
Ijyb is moderately wounded.
Ijyb hits you with a +0 club.
Throw: dart (curare)
Press: ? - help, Q - select action, (/) - cycle Shift-Dir - straight line, f/p - Ijyb
Aim: Ijyb, wielding a +0 club and wearing a +0 leather armour (heavily wounded, very poisoned, slow, 53% to hit)
You throw a curare-tipped dart. The curare-tipped dart hits Ijyb.
Ijyb looks as sick as possible!
Ijyb convulses.
Ijyb seems to be slow for longer.
Ijyb is severely wounded.
Ijyb hits you with a +0 club.
You hit Ijyb.
Ijyb is almost dead.
You kill Ijyb!
Your Throwing skill increases to level 3!
Your Stealth skill gained 4 levels and is now at level 9!
You have reached level 2!
e - a curare-tipped dart;
d - 4 poisoned darts (gained 1)
There is an open door here.
Things that are here:
a +0 club; a +0 leather armour; the goblin corpse of Ijyb
d - 7 poisoned darts (gained 3) HP restored.
You open the door.
An ogre comes into view. It is wielding a +0 giant club.
The ogre shouts!
There is an open door here.
You hit the ogre but do no damage.
The ogre hits you with a +0 giant club!!
Ouch! That really hurt!
You die...

##########
#<.#..@O.#
#..)..#..+
#..#####+#
#..# #..#
#..# #⌠⌠#
####


You could see an ogre.

Vanquished Creatures
  Ijyb (D)
1 creature vanquished.

Notes
Turn   | Place    | Note
-------+----------+-------------------------------------------
     0 | D        | Hipnos the Spriggan Brigand began the quest for the Orb.
     0 | D        | Reached XP level 1. HP: 10/10 MP: 2/2
     1 | D        | Noticed Ijyb
    15 | D        | Killed Ijyb
    16 | D        | Reached skill level 9 in Stealth
    16 | D        | Reached XP level 2. HP: 9/15 MP: 3/3
   127 | D        | Noticed an ogre
   129 | D        | Demolished by an ogre

Illustrated notes

Levels and vault maps discovered:
D:        dungeon_sprint_1 [red_sonja_temple_1, red_sonja_temple_small_1]

Skill      XL: |  1 |
---------------+----+-----
Throwing       | 3 |  3.0
Stealth        | 9 |  9.6
Fighting       | |  1.8
Short Blades   | |  2.5
Dodging        | |  1.6

Action                   || total
-------------------------++-------
Melee: Dagger            ||     4
Throw: Dart              ||     7
Dodge: Dodged            ||     6
